 Dungeon Crawl Stone Soup version 0.29.1-4-g47bece8355 (webtiles) character file.

Game seed: 3169665985811968494

11975 iamoutofideas the Severer (level 11, -5/97 HPs)
             Began as a Hill Orc Berserker on Dec 7, 2022.
             Was a Priest of Trog.
             Slain by a death yak (19 damage)
             ... on level 10 of the Dungeon.
             The game lasted 00:11:36 (10831 turns).

iamoutofideas the Severer (Hill Orc Berserker)     Turns: 10831, Time: 00:11:37

Health: -5/97      AC: 12    Str: 35    XL:     11   Next: 86%
Magic:  11/11      EV: 27    Int:  7    God:    Trog [***...]
Gold:   36         SH:  0    Dex: 10    Spells: 10/10 levels left

rFire   . . .      SeeInvis .   M - +0 broad axe (flame)
rCold   . . .      Faith    .   (no shield)
rNeg    . . .      Spirit   .   A - +3 ring mail of the Spider Nest {+Blink rPois Regen+ Str+4}
rPois   +          Reflect  .   i - +0 helmet
rElec   .          Harm     .   o - +0 cloak
rCorr   .          Rampage  .   (no gloves)
Will    .....                   (no boots)
Stlth   ..........              I - amulet of the acrobat
HPRegen 1.06/turn               s - +6 ring of strength
MPRegen 0.12/turn               (no ring)

@: on berserk cooldown, acrobatic, slowed, very slow
A: no striking features
a: Renounce Religion, Evoke Blink, Berserk, Trog's Hand


You were on level 10 of the Dungeon.
You worshipped Trog.
Trog was most pleased with you.
You visited 1 branch of the dungeon, and saw 11 of its levels.

You collected 654 gold pieces.
You spent 618 gold pieces at shops.

Inventory:

Hand Weapons
 y - the +2 spear "Loavuv" {flame, rElec rC- Str+3 SInv}
   (You found it on level 6 of the Dungeon)

   It burns those it strikes, dealing additional fire damage.
   Str:       It affects your strength (+3).
   rC:        It makes you vulnerable to cold.
   rElec:     It insulates you from electricity.
   SInv:      It lets you see invisible.
 M - a +0 broad axe of flaming (weapon)
Missiles
 D - a throwing net (quivered)
Armour
 b - a +2 robe of willpower
 i - a +0 helmet (worn)
 o - a +0 cloak (worn)
 A - the +3 ring mail of the Spider Nest (worn) {+Blink rPois Regen+ Str+4}
   (You found it on level 7 of the Dungeon)

   Str:       It affects your strength (+4).
   rPois:     It protects you from poison.
   +Blink:    It lets you blink.
   Regen:     It increases your rate of health regeneration.
 K - a +4 chain mail of willpower
 N - a scarf of fire resistance
Jewellery
 a - a ring of protection from cold
 s - a +6 ring of strength (left hand)
 E - the amulet of Rotzy {Reflect *Slow rN+ Str+3 Dex+3 SH+5}
   (You bought it in a shop on level 3 of the Dungeon)

   [amulet of reflection]

   It reflects blocked missile attacks.
   Str:       It affects your strength (+3).
   Dex:       It affects your dexterity (+3).
   rN:        It protects you from negative energy.
   *Slow:     It may slow you when you take damage.
   SH:        It affects your SH (+5).
 I - an amulet of the acrobat (around neck)
Wands
 v - a wand of quicksilver (8)
 J - a wand of charming (3)
Scrolls
 g - 2 scrolls of brand weapon {unknown}
 k - a scroll of immolation
 l - 10 scrolls of teleportation
 r - 2 scrolls of magic mapping {unknown}
 t - 2 scrolls of enchant weapon {unknown}
 w - 3 scrolls of fear {unknown}
 x - 3 scrolls of enchant armour {unknown}
 B - 4 scrolls of butterflies {unknown}
 G - a scroll of torment {unknown}
 L - 2 scrolls of identify
Potions
 c - a potion of haste
 d - 2 potions of mutation
 e - 2 potions of brilliance
 f - 6 potions of curing
 h - a potion of heal wounds
 m - 3 potions of ambrosia
 n - 3 potions of attraction
 p - a potion of cancellation
 q - 2 potions of lignification {unknown}
 u - a potion of experience {unknown}
 z - a potion of magic
 C - a potion of invisibility {unknown}
 F - a potion of berserk rage {unknown}
 H - 2 potions of resistance {unknown}
Miscellaneous
 j - a box of beasts


   Skills:
 + Level 9.4 Fighting
 + Level 18.7 Axes
 + Level 8.7 Armour
 + Level 4.2 Dodging
 + Level 0.2 Evocations


You had 10 spell levels left.
You didn't know any spells.
Your spell library contained the following spells:

 Spells                   Type           Power      Damage    Failure   Level
 Summon Small Mammal      Summ           0%         N/A       52%         1
 Ensorcelled Hibernation  Hex/Ice        0%         N/A       65%         2
 Passwall                 Tmut/Erth      0%         N/A       65%         2
 Call Canine Familiar     Summ           0%         N/A       87%         3
 Summon Guardian Golem    Hex/Summ       0%         N/A       87%         3
 Swiftness                Air            0%         N/A       87%         3
 Fulminant Prism          Conj/Hex       0%         3d6       99%         4
 Iskenderun's Mystic Bla  Conj/Tloc      0%         2d3       99%         4
 Lee's Rapid Deconstruct  Erth           0%         3d5*      100%        5


Dungeon Overview and Level Annotations

Branches:
Dungeon (11/15)            Temple (0/1) D:6             Orc (0/2) D:9
   Lair: D:8-11

Altars:
Gozag
Sif Muna

Shops:
D:3 *=*   D:4 [   D:9 !   D:10 *

Annotations:
D:10 3 runed translucent doors, exclusions: 2 doors and upstairs


Message History

The death yak gores you!!
You hit the death yak. You burn the death yak.
The death yak is severely wounded.
You barely miss the death yak. You slice the death yak!!
You burn the death yak. You barely miss the death yak.
Unknown command.
You slash the death yak! You burn the death yak.
The death yak is almost dead.
You barely miss the death yak. You hit the death yak but do no damage.
You barely miss the death yak. The death yak gores you.
The death yak gores you but does no damage.
The death yak gores you! x2
You slice the death yak!! You burn the death yak.
You kill the death yak!
Trog accepts your kill.
You hit the death yak. You burn the death yak.
You completely miss the death yak. You slice the death yak!!
You burn the death yak! You barely miss the death yak. You punch the death yak!
The death yak is almost dead.
You hit the death yak. You burn the death yak.
You hit the death yak but do no damage. The death yak closely misses you.
The death yak gores you!! The death yak gores you!
Unknown command.
You are too injured to fight recklessly!
You climb upwards.
Level annotation: 3 runed translucent doors, exclusions: 2 doors and upstairs You feel a strong urge to attack something.
There is a stone staircase leading down here.
Unknown command.
You are no longer berserk.
You are exhausted.
You feel yourself slow down. The death yak gores you!
* * * LOW HITPOINT WARNING * * *
The death yak completely misses you. The death yak attacks as you move away!
The death yak misses you. The death yak gores you!
* * * LOW HITPOINT WARNING * * *
The death yak gores you!!
You die...

############ #.##......
#..........# #[######..
#..........# #.# #..
#<.........# ##.######..
#..........#####..........
#).........##.....#####...
#.............###.##......
######..##..............[.
######..@YY#####.#####.#.
##........Y>..............
###..#.#...#.######.#####.#.
##...........................
#..##########################
#..# #..# #..# # ##.## #


You could see 3 death yaks.

Vanquished Creatures
  A boulder beetle (D:9)
  2 two-headed ogres (D:8)
  2 death yaks
  Urug (D:10)
  A deep elf pyromancer (D:8)
  3 cyclopes (D:8)
  2 ugly things (D:8)
  An unseen horror (D:10)
  A hornet (D:9)
  A shadow (D:9)
  12 yaks
  A vampire (D:9)
  2 wraiths
  An acid dragon (D:9)
  3 water moccasins
  4 orc warriors (D:9)
  2 black bears
  A centaur (D:10)
  A phantom (D:6)
  4 kobold brigands
  4 bullfrogs
  A gnoll sergeant (D:4)
  A scorpion (D:6)
  10 wights (D:9)
  2 jellies (D:7)
  6 orc priests
  Jessica (D:2)
  3 gnoll boudas
  Natasha (twice) (D:3)
  Terence (D:2)
  3 iguanas (D:6)
  10 orc wizards
  Robin (D:3)
  19 gnolls
  4 adders
  2 white imps (D:7)
  An ufetubus (D:6)
  3 worms
  A dart slug (D:3)
  30 orcs
  6 ball pythons
  7 endoplasms
  3 giant cockroaches
  9 goblins
  12 hobgoblins
  3 jackals (D:1)
  27 kobolds
  6 quokkas
  5 bats
  5 frilled lizards (D:1)
  3 rats
237 creatures vanquished.

Notes
Turn   | Place    | Note
-------+----------+-------------------------------------------
     0 | D:1      | iamoutofideas the Hill Orc Berserker began the quest for
                  | the Orb.
     0 | D:1      | Reached XP level 1. HP: 19/19 MP: 1/1
   168 | D:1      | Reached XP level 2. HP: 20/27 MP: 2/2
   864 | D:1      | Reached skill level 5 in Axes
   917 | D:1      | Reached XP level 3. HP: 33/33 MP: 3/3
   998 | D:1      | Found a faded altar of an unknown god.
  1130 | D:1      | Reached ** piety under Trog
  1773 | D:2      | Noticed Terence
  1787 | D:2      | Killed Terence
  1788 | D:2      | Reached skill level 6 in Axes
  1788 | D:2      | Reached XP level 4. HP: 31/40 MP: 4/4
  2081 | D:2      | Noticed Jessica
  2091 | D:2      | Killed Jessica
  2485 | D:3      | Noticed Natasha
  2492 | D:3      | Killed Natasha
  2493 | D:3      | Reached skill level 7 in Axes
  2493 | D:3      | Reached XP level 5. HP: 37/46 MP: 5/5
  2809 | D:3      | Found Ryuthri's General Store.
  2819 | D:3      | Bought a potion of heal wounds for 65 gold pieces
  2819 | D:3      | Bought a scroll of identify for 26 gold pieces
  3164 | D:3      | Found Lyott's Jewellery Emporium.
  3166 | D:3      | Noticed Robin
  3188 | D:3      | Killed Robin
  3312 | D:3      | Noticed Natasha
  3323 | D:3      | Killed Natasha
  3324 | D:3      | Reached skill level 8 in Axes
  3452 | D:3      | Reached XP level 6. HP: 35/52 MP: 6/6
  4050 | D:3      | Found Voextiwn's Assorted Antiques.
  4085 | D:4      | Found Coshrecuu's Antique Armour Shoppe.
  4289 | D:4      | Reached skill level 9 in Axes
  4631 | D:5      | Entered Level 5 of the Dungeon
  4759 | D:5      | Noticed a black bear
  4767 | D:5      | Reached skill level 10 in Axes
  4767 | D:5      | Reached XP level 7. HP: 58/58 MP: 7/7
  5269 | D:5      | Reached skill level 11 in Axes
  5613 | D:6      | Reached XP level 8. HP: 66/66 MP: 8/8
  5780 | D:6      | Found a staircase to the Ecumenical Temple.
  5852 | D:6      | Identified the +2 spear "Loavuv" {flame, rElec rC- Str+3
                  | SInv}
  5909 | D:6      | Reached skill level 12 in Axes
  6553 | D:6      | Reached skill level 13 in Axes
  6823 | D:7      | Identified the +3 ring mail of the Spider Nest {+Blink
                  | rPois Regen+ Str+4}
  6986 | D:7      | Found an opulent altar of Gozag.
  6998 | D:7      | Reached *** piety under Trog
  7343 | D:8      | Reached skill level 14 in Axes
  7497 | D:8      | Noticed a yak
  7497 | D:8      | Noticed a yak
  7497 | D:8      | Noticed a yak
  7497 | D:8      | Noticed a yak
  7497 | D:8      | Noticed a yak
  7509 | D:8      | Killed a yak
  7510 | D:8      | Reached XP level 9. HP: 71/71 MP: 9/9
  7526 | D:8      | Reached skill level 15 in Axes
  7591 | D:7      | Reached skill level 16 in Axes
  8065 | D:8      | Reached XP level 10. HP: 52/80 MP: 10/10
  8071 | D:8      | Reached skill level 17 in Axes
  8112 | D:8      | Noticed a cyclops
  8112 | D:8      | Noticed a brown ugly thing
  8126 | D:8      | Killed a brown ugly thing
  8127 | D:8      | Reached skill level 5 in Fighting
  8128 | D:8      | Noticed a cyclops
  8265 | D:8      | Killed a cyclops
  8266 | D:8      | Reached skill level 5 in Armour
  8324 | D:8      | Killed a cyclops
  8444 | D:8      | Noticed a white ugly thing
  8444 | D:8      | Noticed a cyclops
  8445 | D:8      | Noticed a two-headed ogre
  8447 | D:8      | Noticed a deep elf pyromancer
  8451 | D:8      | Killed a cyclops
  8457 | D:8      | Killed a deep elf pyromancer
  8459 | D:8      | Killed a white ugly thing
  8460 | D:8      | Killed a two-headed ogre
  8461 | D:8      | Reached skill level 18 in Axes
  8461 | D:8      | Reached XP level 11. HP: 59/92 MP: 11/11
  8571 | D:8      | Noticed a two-headed ogre
  8580 | D:8      | Killed a two-headed ogre
  9307 | D:9      | Found Nebloqos's Distillery.
  9310 | D:9      | Bought a potion of curing for 45 gold pieces
  9415 | D:3      | Bought a steaming copper amulet for 105 gold pieces
  9415 | D:3      | Identified the amulet of Rotzy {Reflect *Slow rN+ Str+3
                  | Dex+3 SH+5} (You bought it in a shop on level 3 of the
                  | Dungeon)
  9415 | D:3      | Bought a fuming puce potion for 18 gold pieces
  9415 | D:3      | Bought a potion of curing for 63 gold pieces
  9564 | D:9      | Found a runed translucent door.
  9848 | D:9      | Found a staircase to the Orcish Mines.
 10008 | D:9      | Noticed a boulder beetle
 10025 | D:9      | Killed a boulder beetle
 10134 | D:9      | Noticed an orc knight
 10147 | D:10     | Entered Level 10 of the Dungeon
 10343 | D:10     | Noticed Urug
 10363 | D:10     | Killed Urug
 10427 | D:10     | Found a runed translucent door.
 10427 | D:10     | Noticed a cyclops
 10427 | D:10     | Noticed a two-headed ogre
 10428 | D:10     | Found a runed translucent door.
 10429 | D:10     | Found a runed translucent door.
 10429 | D:10     | Noticed a manticore
 10429 | D:10     | Noticed a necromancer
 10545 | D:10     | Found Urghos's Fire Supplies.
 10551 | D:10     | Bought a +0 broad axe of flaming for 128 gold pieces
 10551 | D:10     | Bought a scarf of fire resistance for 168 gold pieces
 10691 | D:10     | Found a shimmering blue altar of Sif Muna.
 10750 | D:11     | Noticed a death yak
 10751 | D:11     | Noticed a death yak
 10756 | D:11     | Noticed a death yak
 10756 | D:11     | Noticed a death yak
 10757 | D:11     | Noticed a death yak
 10766 | D:10     | Killed a death yak
 10818 | D:11     | Noticed a death yak
 10820 | D:11     | Noticed a white ugly thing
 10826 | D:11     | Killed a death yak
 10831 | D:10     | Slain by a death yak

Illustrated notes

Levels and vault maps discovered:
D:1:      lightli_arrival_noodles, layout_basic,
          chequers_ecumenical_altar_island
D:2:      layout_rooms, uniq_jessica, uniq_terence
D:3:      layout_loops_corners, serial_shops, shop_fountains,
          nicolae_shop_statue_plus, nicolae_shop_stone, kennysheep_path_1,
          uniq_natasha, uniq_robin
D:4:      layout_rooms, serial_shops, nicolae_stop_n_shop_2
D:5:      layout_gridville
D:6:      layout_loops_ring, minmay_temple_entry_mist, minmay_misc_feat_rugged
D:7:      layout_cave_pools, mainiacjoe_overflow_six_doors_small
D:8:      layout_basic, minmay_misc_feat_roman, minmay_evil_grid
D:9:      layout_rooms, david_orc_4, serial_shops, nicolae_shop_window_shopping,
          grunt_ministairs_3, lightli_church_of_beogh
D:10:     minmay_the_grid_triangle_9x9_rhombus_full
          [minmay_the_grid_triangle_9x9_fully_insulated_deathbox,
          minmay_the_grid_triangle_9x9_tough_junction,
          minmay_the_grid_triangle_9x9_shrine,
          minmay_the_grid_triangle_9x9_corruption,
          minmay_the_grid_triangle_9x9_sparse_checkered,
          minmay_the_grid_triangle_9x9_alien,
          minmay_the_grid_triangle_9x9_subtriangle,
          minmay_the_grid_triangle_9x9_prize_center], layout_rooms,
          lemuel_blue_sif_altar, nicolae_shop_fire_sale
          [nicolae_sub_dead_trees], uniq_urug
D:11:     nrook_guardian_serpent_snake_passage, layout_basic,
          dpeg_lair_monsters, kennysheep_generic_room_6, uniq_gastronok

Skill      XL: |  1  2  3  4  5  6  7  8  9 10 11 |
---------------+----------------------------------+-----
Axes           | 5 6 7 8 10 11 14 16 18 | 18.7
Fighting       | 4 7 9 |  9.4
Armour         | 3 6 8 |  8.7
Dodging        | 2 3 4 |  4.2
Evocations     | |  0.2

Action                   |  1- 3 |  4- 6 |  7- 9 | 10-12 || total
-------------------------+-------+-------+-------+-------++-------
Melee: Hand axe          |   121 |   214 |   325 |   210 ||   870
       Punch             |     2 |       |     2 |     5 ||     9
       Broad axe         |       |       |       |    15 ||    15
Invok: Berserk           |     2 |     9 |    12 |    17 ||    40
       Trog's Hand       |       |       |       |     2 ||     2
Evoke: Wand              |       |       |       |     2 ||     2
  Use: Scroll            |       |     5 |     6 |     2 ||    13
       Potion            |       |       |     1 |     1 ||     2
 Stab: Sleeping          |       |     1 |       |       ||     1
Armor: Animal skin       |    37 |    49 |    21 |       ||   107
       Ring mail         |       |       |    53 |    63 ||   116
Dodge: Dodged            |   110 |   118 |   134 |    99 ||   461
